Phantoms vs Marlies

Created - Wednesday, November 05, 2014 at 23:06

Goals
1 2 3 OT1 SO T
Phantoms 1 0 0 0 0 1
Marlies 0 1 0 0 1 2
Shots
1 2 3 OT1 SO T
Phantoms 10 8 13 0 4 31
Marlies 10 17 4 3 4 34

1st period

1. Phantoms , Greg Zanon 1 (Denver Manderson, Mark Van Guilder) at 19:47

Penalties :
George Parros (TOR) for Fighting (Major) at 0:35, Garnet Exelby (ADR) for Fighting (Major) at 0:35, Garnet Exelby (ADR) for Slashing (Minor) at 9:38

2nd period

2. Marlies , Jonathon Blum 7 (George Parros) at 3:08

Penalties :
Brendon Nash (TOR) for Fighting (Major) at 2:43, Zack Stortini (ADR) for Fighting (Major) at 2:43

3rd period

No Goal

Penalties :
George Parros (TOR) for Fighting (Major) at 1:43, Zack Stortini (ADR) for Fighting (Major) at 1:43, Rich Clune (TOR) for Fighting (Major) at 2:45, Garnet Exelby (ADR) for Fighting (Major) at 2:45

Overtime #1

No Goal

Penalties :
No Penalty

Shootout

Penalty Shot by Dmitrij Jaskin for Phantoms - Shot Misses the Net
Penalty Shot by Colton Gillies for Marlies - Shot Misses the Net
Penalty Shot by Adam Lowry for Phantoms - Stopped by Scott Clemmensen
Penalty Shot by Shane Prince for Marlies - Shot Misses the Net
Penalty Shot by Harri Pesonen for Phantoms - Stopped by Scott Clemmensen
Penalty Shot by Rich Clune for Marlies - Shot Hit the Post
Penalty Shot by Bryan Lerg for Phantoms - Shot Misses the Net
Penalty Shot by George Parros for Marlies - Goal!

Penalties :
No Penalty

Goalie Stats

Devan Dubnyk (ADR), 33 saves from 34 shots - (0.971), OTL, 5-3-8, 65:00 minutes
Scott Clemmensen (TOR), 30 saves from 31 shots - (0.968), W, 4-2-4, 65:00 minutes

Players Stats for Phantoms

Player Name              G  A  P  +/- PIM S  H  SB GA TA FO     MP     PP MP  PK MP  
------------------------------------------------------------------------------------
Adam Lowry               0  0  0   0  0   2  0  1  1  0  8/11   21:30   0:00   1:42 
Bryan Lerg               0  0  0  -1  0   0  1  0  0  1  6/14   18:14   0:00   0:17 
Chris Langkow            0  0  0   0  0   0  0  0  0  0  1/1    13:53   0:00   0:00 
Denver Manderson         0  1  1   1  0   1  1  2  1  1  0/0    16:10   0:00   0:00 
Dmitrij Jaskin           0  0  0   0  0   3  0  0  3  0  4/6    23:22   0:00   1:42 
Garnet Exelby            0  0  0   1  12  3  0  0  0  1  0/0    18:14   0:00   0:00 
Garrett Wilson           0  0  0  -1  0   4  0  0  4  0  0/1    17:35   0:00   0:00 
Grant Clitsome           0  0  0   0  0   4  0  2  4  0  0/0    26:28   0:00   1:27 
Greg Zanon               1  0  1   1  0   5  0  1  2  2  0/0    22:47   0:00   0:32 
Harri Pesonen            0  0  0   0  0   1  3  0  0  0  1/1    18:24   0:00   0:17 
Jerome Gauthier-Leduc    0  0  0  -1  0   0  0  1  0  1  0/0    17:45   0:00   0:32 
Jonathan Hazen           0  0  0   1  0   0  1  0  0  0  0/0    13:43   0:00   0:00 
Josh Lunden              0  0  0   0  0   1  2  0  1  0  0/0    11:38   0:00   0:00 
Mark Van Guilder         0  1  1   0  0   4  1  1  4  1  3/6    19:12   0:00   0:00 
Martin Gernat            0  0  0  -1  0   0  0  0  0  2  0/0    18:16   0:00   0:00 
Randy Jones              0  0  0   0  0   1  0  0  0  2  0/0    26:28   0:00   1:27 
Steve MacIntyre          0  0  0   0  0   0  0  0  0  0  0/0     0:00   0:00   0:00 
Zack Stortini            0  0  0   0  10  2  5  1  0  0  2/2    14:17   0:00   0:00 

Players Stats for Marlies

Player Name              G  A  P  +/- PIM S  H  SB GA TA FO     MP     PP MP  PK MP  
------------------------------------------------------------------------------------
Andrew Yogan             0  0  0   1  0   2  4  1  1  0  0/0    19:45   1:01   0:00 
Austen Brassard          0  0  0   0  0   0  0  0  0  0  0/0     1:13   0:00   0:00 
Brendon Nash             0  0  0   0  5   2  0  1  0  0  0/0    16:30   0:00   0:00 
Colton Gillies           0  0  0  -1  0   1  2  3  2  1  1/4    23:41   0:58   0:00 
Drew Schiestel           0  0  0   0  0   0  1  1  0  0  0/0    16:31   0:00   0:00 
Farm Player24            0  0  0   0  0   0  0  0  0  0  2/7    17:29   0:00   0:00 
Farm Player29            0  0  0   0  0   0  1  0  0  0  1/2    16:54   0:00   0:00 
George Parros            0  1  1   1  10  5  7  0  2  0  0/0    16:46   1:01   0:00 
Harrison Ruopp           0  0  0   0  0   0  0  0  0  0  0/0     5:47   0:00   0:00 
Jake Hansen              0  0  0  -1  0   0  1  0  0  0  0/0    14:25   0:00   0:00 
Joel Armia               0  0  0   0  0   3  1  1  4  1  1/1    17:58   0:00   0:00 
Jonathon Blum            1  0  1   1  0   4  4  1  3  5  0/0    26:39   1:27   0:00 
Matt Dumba               0  0  0  -1  0   7  0  2  1  0  0/0    22:34   0:32   0:00 
Morgan Ellis             0  0  0  -1  0   3  1  0  0  3  0/0    21:50   0:32   0:00 
Nicolas Deschamps        0  0  0   1  0   2  0  0  2  1  9/15   19:38   1:01   0:00 
Rich Clune               0  0  0   0  5   3  1  1  3  0  0/2    17:02   0:58   0:00 
Scott Harrington         0  0  0   1  0   1  0  0  0  1  0/0    21:23   1:27   0:00 
Shane Prince             0  0  0  -1  0   1  2  0  0  0  3/11   23:51   0:58   0:00 

3 Stars

1 - Devan Dubnyk (ADR)
2 - Scott Clemmensen (TOR)
3 - Jonathon Blum (TOR)

Power Play

Phantoms - 0 on 0 Attempt(s) - 0.00%
Marlies - 0 on 1 Attempt(s) - 0.00%

Penalty Kill

Phantoms - 1 on 1 Attempt(s) - 100.00% - Score 0 goal in Penalty Kill
Marlies - 0 on 0 Attempt(s) - 0.00% - Score 0 goal in Penalty Kill

Official

Referees : Unknown
Linesman : Unknown

Game Notes

George Parros beats up Garnet Exelby at 0:35 of 1st period
Zack Stortini beats up Brendon Nash at 2:43 of 2nd period
George Parros beats up Zack Stortini at 1:43 of 3rd period
Rich Clune beats up Garnet Exelby at 2:45 of 3rd period

Finance

Level 1 -- Attendance: 1458 (72.90%) -- Ticket Income $51,030
Level 2 -- Attendance: 706 (70.60%) -- Ticket Income $7,060
Total Attendance: 2164 (72.13%)
Total Ticket Income: $58,090
Other Income: $28,464
Total Income: $86,554

Phantoms

5 vs 5 Forward 
   Center                   Left Wing                Right Wing               Time % Phy DF OF 
 1 Adam Lowry               Dmitrij Jaskin           Harri Pesonen            35     1   2  2  
 2 Bryan Lerg               Garrett Wilson           Zack Stortini            30     1   2  2  
 3 Mark Van Guilder         Denver Manderson         Jonathan Hazen           22     1   2  2  
 4 Chris Langkow            Josh Lunden              Dmitrij Jaskin           13     1   2  2  

5 vs 5 Defense 
   Defense                  Defense                                           Time % Phy DF OF 
 1 Grant Clitsome           Randy Jones                                       35     1   2  2  
 2 Garnet Exelby            Greg Zanon                                        30     1   2  2  
 3 Martin Gernat            Jerome Gauthier-Leduc                             22     1   2  2  
 4 Grant Clitsome           Randy Jones                                       13     1   2  2  

PowerPlay Forward 
   Center                   Left Wing                Right Wing               Time % Phy DF OF 
 1 Adam Lowry               Dmitrij Jaskin           Harri Pesonen            60     1   2  2  
 2 Bryan Lerg               Garrett Wilson           Zack Stortini            40     1   2  2  

PowerPlay Defense
   Defense                  Defense                                           Time % Phy DF OF 
 1 Grant Clitsome           Randy Jones                                       60     1   2  2  
 2 Garnet Exelby            Greg Zanon                                        40     1   2  2  

Penalty Kill 4 Players Forward 
   Center                   Wing                     Time % Phy DF OF 
 1 Dmitrij Jaskin           Adam Lowry               60     1   2  2  
 2 Harri Pesonen            Bryan Lerg               40     1   2  2  

Penalty Kill 4 Players Defense
   Defense                  Defense                  Time % Phy DF OF 
 1 Grant Clitsome           Randy Jones              60     1   2  2  
 2 Garnet Exelby            Greg Zanon               40     1   2  2  

Penalty Kill - 3 Players Forward 
   Forward                                           Time % Phy DF OF 
 1 Dmitrij Jaskin                                    60     1   2  2  
 2 Adam Lowry                                        40     1   2  2  

Penalty Kill - 3 Players Defense
   Defense                  Defense                  Time % Phy DF OF 
 1 Grant Clitsome           Randy Jones              60     1   2  2  
 2 Garnet Exelby            Greg Zanon               40     1   2  2  

4 vs 4 Forward 
   Center                   Wing                     Time % Phy DF OF 
 1 Dmitrij Jaskin           Adam Lowry               60     1   2  2  
 2 Harri Pesonen            Bryan Lerg               40     1   2  2  

4 vs 4 Defense
   Defense                  Defense                  Time % Phy DF OF 
 1 Grant Clitsome           Randy Jones              60     1   2  2  
 2 Garnet Exelby            Greg Zanon               40     1   2  2  

Last Minutes Offensive
   Center                   Left Wing                Right Wing               Defense                  Defense                  
   Adam Lowry               Dmitrij Jaskin           Harri Pesonen            Grant Clitsome           Randy Jones              

Last Minutes Defensive
   Center                   Left Wing                Right Wing               Defense                  Defense                  
   Adam Lowry               Dmitrij Jaskin           Harri Pesonen            Grant Clitsome           Randy Jones              

Goaltenders
Starting : Devan Dubnyk             
Backup : Marek Mazanec            

Extra Forwards
Normal : Mark Van Guilder, Chris Langkow, Denver Manderson - PP : Mark Van Guilder, Chris Langkow - PK : Denver Manderson
Extra Defensemen
Normal : Martin Gernat, Jerome Gauthier-Leduc, Garnet Exelby - PP : Martin Gernat - PK : Jerome Gauthier-Leduc, Garnet Exelby
Penalty Shots
Dmitrij Jaskin, Adam Lowry, Harri Pesonen, Bryan Lerg, Zack Stortini

Marlies

5 vs 5 Forward 
   Center                   Left Wing                Right Wing               Time % Phy DF OF 
 1 Shane Prince             Colton Gillies           Rich Clune               35     1   2  2  
 2 Nicolas Deschamps        Andrew Yogan             George Parros            30     1   2  2  
 3 Farm Player24            Farm Player29            Joel Armia               22     1   2  2  
 4 Colton Gillies           Shane Prince             Jake Hansen              13     1   2  2  

5 vs 5 Defense 
   Defense                  Defense                                           Time % Phy DF OF 
 1 Jonathon Blum            Scott Harrington                                  35     1   2  2  
 2 Matt Dumba               Morgan Ellis                                      30     1   2  2  
 3 Drew Schiestel           Brendon Nash                                      22     1   2  2  
 4 Harrison Ruopp           Jonathon Blum                                     13     1   2  2  

PowerPlay Forward 
   Center                   Left Wing                Right Wing               Time % Phy DF OF 
 1 Shane Prince             Colton Gillies           Rich Clune               60     1   2  2  
 2 Nicolas Deschamps        Andrew Yogan             George Parros            40     1   2  2  

PowerPlay Defense
   Defense                  Defense                                           Time % Phy DF OF 
 1 Jonathon Blum            Scott Harrington                                  60     1   2  2  
 2 Matt Dumba               Morgan Ellis                                      40     1   2  2  

Penalty Kill 4 Players Forward 
   Center                   Wing                     Time % Phy DF OF 
 1 Colton Gillies           Shane Prince             60     1   2  2  
 2 Rich Clune               George Parros            40     1   2  2  

Penalty Kill 4 Players Defense
   Defense                  Defense                  Time % Phy DF OF 
 1 Jonathon Blum            Scott Harrington         60     1   2  2  
 2 Matt Dumba               Morgan Ellis             40     1   2  2  

Penalty Kill - 3 Players Forward 
   Forward                                           Time % Phy DF OF 
 1 Colton Gillies                                    60     1   2  2  
 2 Shane Prince                                      40     1   2  2  

Penalty Kill - 3 Players Defense
   Defense                  Defense                  Time % Phy DF OF 
 1 Jonathon Blum            Scott Harrington         60     1   2  2  
 2 Matt Dumba               Morgan Ellis             40     1   2  2  

4 vs 4 Forward 
   Center                   Wing                     Time % Phy DF OF 
 1 Colton Gillies           Shane Prince             60     1   2  2  
 2 Rich Clune               George Parros            40     1   2  2  

4 vs 4 Defense
   Defense                  Defense                  Time % Phy DF OF 
 1 Jonathon Blum            Scott Harrington         60     1   2  2  
 2 Matt Dumba               Morgan Ellis             40     1   2  2  

Last Minutes Offensive
   Center                   Left Wing                Right Wing               Defense                  Defense                  
   Shane Prince             Colton Gillies           Rich Clune               Jonathon Blum            Scott Harrington         

Last Minutes Defensive
   Center                   Left Wing                Right Wing               Defense                  Defense                  
   Shane Prince             Colton Gillies           Rich Clune               Jonathon Blum            Scott Harrington         

Goaltenders
Starting : Scott Clemmensen         
Backup : Anders Nilsson           

Extra Forwards
Normal : Joel Armia, Jake Hansen, Farm Player24 - PP : Joel Armia, Jake Hansen - PK : Farm Player24
Extra Defensemen
Normal : Drew Schiestel, Brendon Nash, Harrison Ruopp - PP : Drew Schiestel - PK : Brendon Nash, Harrison Ruopp
Penalty Shots
Colton Gillies, Shane Prince, Rich Clune, George Parros, Joel Armia

% Time on Ice - Phantoms

Lines # - Real PCT - Wanted PCT - Time Play
Normal Forward
1 - 30% - 35% - 17:22
2 - 30% - 30% - 17:35
3 - 24% - 22% - 13:43
4 - 16% - 13% - 9:21
Normal Defense
1 - 31% - 35% - 18:01
2 - 35% - 30% - 20:03
3 - 27% - 22% - 15:45
4 - 7% - 13% - 4:12
PP Forward
1 - 0% - 60%
2 - 0% - 40%
PP Defense
1 - 0% - 60%
2 - 0% - 40%
PK Forward
1 - 86% - 60% - 1:42
2 - 14% - 40% - 0:17
PK Defense
1 - 73% - 60% - 1:27
2 - 27% - 40% - 0:32
PK3 Forward
1 - 0% - 60%
2 - 0% - 40%
PK3 Defense
1 - 0% - 60%
2 - 0% - 40%
44 Forward
1 - 93% - 60% - 4:38
2 - 7% - 40% - 0:22
44 Defense
1 - 56% - 60% - 2:48
2 - 44% - 40% - 2:12
Last Minute Offensive  - 0:00
Last Minute Defensive  - 0:00
Total
Forward - 65:00
Defense - 65:00

% Time on Ice - Marlies

Lines # - Real PCT - Wanted PCT - Time Play
Normal Forward
1 - 28% - 35% - 16:27
2 - 32% - 30% - 18:36
3 - 25% - 22% - 14:33
4 - 15% - 13% - 8:25
Normal Defense
1 - 30% - 35% - 17:24
2 - 32% - 30% - 18:50
3 - 28% - 22% - 16:31
4 - 9% - 13% - 5:16
PP Forward
1 - 49% - 60% - 0:58
2 - 51% - 40% - 1:01
PP Defense
1 - 73% - 60% - 1:27
2 - 27% - 40% - 0:32
PK Forward
1 - 0% - 60%
2 - 0% - 40%
PK Defense
1 - 0% - 60%
2 - 0% - 40%
PK3 Forward
1 - 0% - 60%
2 - 0% - 40%
PK3 Defense
1 - 0% - 60%
2 - 0% - 40%
44 Forward
1 - 87% - 60% - 4:20
2 - 13% - 40% - 0:40
44 Defense
1 - 51% - 60% - 2:32
2 - 49% - 40% - 2:28
Last Minute Offensive  - 0:00
Last Minute Defensive  - 0:00
Total
Forward - 65:00
Defense - 65:00

Play by Play

1st period


0:01 of 1st period - Shane Prince wins face-off versus Adam Lowry in neutral zone.
0:15 of 1st period - Grant Clitsome is hit by Jonathon Blum and loses puck.
0:18 of 1st period - Snap shot by Adam Lowry.
0:18 of 1st period - Shot Blocked by Rich Clune.
0:20 of 1st period - Slapshot by Grant Clitsome.
0:20 of 1st period - Shot Blocked by Colton Gillies.
0:22 of 1st period - Slapshot by Grant Clitsome.
0:22 of 1st period - Stopped by Scott Clemmensen without a rebound.
0:23 of 1st period - Nicolas Deschamps wins face-off versus Bryan Lerg in Marlies zone.
0:35 of 1st period - George Parros beats up Garnet Exelby.
0:35 of 1st period - Penalty to George Parros for Fighting.
0:35 of 1st period - Penalty to Garnet Exelby for Fighting.
0:36 of 1st period - Mark Van Guilder wins face-off versus Farm Player24 in Phantoms zone.
3:05 of 1st period - Wrist shot by Dmitrij Jaskin.
3:05 of 1st period - Stopped by Scott Clemmensen without a rebound.
3:06 of 1st period - Farm Player24 wins face-off versus Mark Van Guilder in Marlies zone.
3:39 of 1st period - Grant Clitsome is hit by Colton Gillies and loses puck.
3:59 of 1st period - Martin Gernat is hit by Andrew Yogan.
4:36 of 1st period - Snap shot by Matt Dumba.
4:36 of 1st period - Shot Blocked by Zack Stortini.
4:56 of 1st period - Adam Lowry is hit by Andrew Yogan.
5:54 of 1st period - Slapshot by Jonathon Blum.
5:54 of 1st period - Deflect By Rich Clune.
5:54 of 1st period - Stopped by Devan Dubnyk with a rebound.
5:56 of 1st period - Snap shot by Rich Clune.
5:56 of 1st period - Shot Blocked by Mark Van Guilder.
5:58 of 1st period - Slapshot by Drew Schiestel.
5:58 of 1st period - Shot Misses the Net.
6:46 of 1st period - Snap shot by Dmitrij Jaskin.
6:46 of 1st period - Stopped by Scott Clemmensen with a rebound.
8:29 of 1st period - Slapshot by Jonathon Blum.
8:29 of 1st period - Shot Blocked by Adam Lowry.
8:31 of 1st period - Slapshot by George Parros.
8:31 of 1st period - Stopped by Devan Dubnyk with a rebound.
8:33 of 1st period - Slapshot by Jonathon Blum.
8:33 of 1st period - Stopped by Devan Dubnyk without a rebound.
8:34 of 1st period - Mark Van Guilder wins face-off versus Nicolas Deschamps in Phantoms zone.
8:54 of 1st period - Wrist shot by Mark Van Guilder.
8:54 of 1st period - Deflect By Denver Manderson.
8:54 of 1st period - Shot Misses the Net.
8:54 of 1st period - Puck is out of play.
8:55 of 1st period - Bryan Lerg wins face-off versus Rich Clune in Marlies zone.
9:38 of 1st period - Minor Penalty to Garnet Exelby for Slashing.
9:39 of 1st period - Dmitrij Jaskin wins face-off versus Shane Prince in Phantoms zone.
9:47 of 1st period - Snap shot by Rich Clune.
9:47 of 1st period - Deflect By Shane Prince.
9:47 of 1st period - Shot Misses the Net.
9:47 of 1st period - Puck is out of play.
9:48 of 1st period - Dmitrij Jaskin wins face-off versus Shane Prince in Phantoms zone.
9:54 of 1st period - Icing by Shane Prince.
9:55 of 1st period - Shane Prince wins face-off versus Adam Lowry in Marlies zone.
10:15 of 1st period - Slapshot by Jonathon Blum.
10:15 of 1st period - Shot Blocked by Grant Clitsome.
10:17 of 1st period - Slapshot by Jonathon Blum.
10:17 of 1st period - Shot Misses the Net.
10:19 of 1st period - Snap shot by Jonathon Blum.
10:19 of 1st period - Shot Misses the Net.
10:21 of 1st period - Slapshot by Scott Harrington.
10:21 of 1st period - Stopped by Devan Dubnyk without a rebound.
10:22 of 1st period - Nicolas Deschamps wins face-off versus Dmitrij Jaskin in Phantoms zone.
10:27 of 1st period - Slapshot by Matt Dumba.
10:27 of 1st period - Stopped by Devan Dubnyk with a rebound.
10:37 of 1st period - Slapshot by Matt Dumba.
10:37 of 1st period - Deflect By George Parros.
10:37 of 1st period - Stopped by Devan Dubnyk with a rebound.
10:49 of 1st period - Slapshot by Colton Gillies.
10:49 of 1st period - Stopped by Devan Dubnyk with a rebound.
10:51 of 1st period - Wrist shot by Rich Clune.
10:51 of 1st period - Shot Blocked by Greg Zanon.
10:53 of 1st period - Slapshot by Morgan Ellis.
10:53 of 1st period - Stopped by Devan Dubnyk without a rebound.
10:54 of 1st period - Dmitrij Jaskin wins face-off versus Shane Prince in Phantoms zone.
10:54 of 1st period - Dmitrij Jaskin is hit by Jonathon Blum.
11:38 of 1st period - Penalty to Garnet Exelby is over, Garnet Exelby is back on ice.
11:45 of 1st period - Joel Armia is hit by Mark Van Guilder.
12:13 of 1st period - Wrist shot by Joel Armia.
12:13 of 1st period - Stopped by Devan Dubnyk with a rebound.
12:31 of 1st period - Wrist shot by Garrett Wilson.
12:31 of 1st period - Stopped by Scott Clemmensen with a rebound.
12:33 of 1st period - Wrist shot by Zack Stortini.
12:33 of 1st period - Shot Misses the Net.
12:35 of 1st period - Slapshot by Garnet Exelby.
12:35 of 1st period - Stopped by Scott Clemmensen with a rebound.
12:37 of 1st period - Backhand shot by Zack Stortini.
12:37 of 1st period - Stopped by Scott Clemmensen with a rebound.
12:49 of 1st period - Wrist shot by Zack Stortini.
12:49 of 1st period - Shot Misses the Net.
12:53 of 1st period - Wrist shot by Garrett Wilson.
12:53 of 1st period - Shot Misses the Net.
13:23 of 1st period - Slapshot by Josh Lunden.
13:23 of 1st period - Shot Misses the Net.
14:11 of 1st period - Joel Armia is hit by Zack Stortini.
15:09 of 1st period - Slapshot by Matt Dumba.
15:09 of 1st period - Stopped by Devan Dubnyk with a rebound.
15:48 of 1st period - Scott Harrington is hit by Harri Pesonen and loses puck.
16:13 of 1st period - Wrist shot by Zack Stortini.
16:13 of 1st period - Shot Misses the Net.
16:15 of 1st period - Slapshot by Randy Jones.
16:15 of 1st period - Deflect By Bryan Lerg.
16:15 of 1st period - Shot Misses the Net.
16:15 of 1st period - Puck is out of play.
16:16 of 1st period - Zack Stortini wins face-off versus Shane Prince in Marlies zone.
16:29 of 1st period - Mark Van Guilder is hit by Rich Clune.
16:50 of 1st period - Wrist shot by Adam Lowry.
16:50 of 1st period - Stopped by Scott Clemmensen with a rebound.
17:24 of 1st period - Wrist shot by Zack Stortini.
17:24 of 1st period - Deflect By George Parros.
17:24 of 1st period - Stopped by Scott Clemmensen without a rebound.
17:25 of 1st period - Nicolas Deschamps wins face-off versus Bryan Lerg in Marlies zone.
18:24 of 1st period - Snap shot by George Parros.
18:24 of 1st period - Shot Blocked by Denver Manderson.
18:30 of 1st period - George Parros is hit by Josh Lunden and loses puck.
18:59 of 1st period - Slapshot by Zack Stortini.
18:59 of 1st period - Shot Misses the Net.
19:01 of 1st period - Snap shot by Garrett Wilson.
19:01 of 1st period - Stopped by Scott Clemmensen with a rebound.
19:47 of 1st period - Slapshot by Greg Zanon.
19:47 of 1st period - Goal by Greg Zanon - Phantoms : 1 - Marlies : 0.
19:48 of 1st period - Zack Stortini wins face-off versus Farm Player24 in neutral zone.
Goals for this period are 1 for Phantoms vs 0 for Marlies.
Shots for this period are 10 for Phantoms vs 10 for Marlies.

2nd period


0:01 of 2nd period - Shane Prince wins face-off versus Adam Lowry in neutral zone.
0:22 of 2nd period - Jonathon Blum is hit by Harri Pesonen and loses puck.
1:08 of 2nd period - Grant Clitsome is hit by George Parros.
1:51 of 2nd period - Slapshot by Matt Dumba.
1:51 of 2nd period - Shot Blocked by Denver Manderson.
2:23 of 2nd period - Colton Gillies is hit by Josh Lunden and loses puck.
2:43 of 2nd period - Zack Stortini beats up Brendon Nash.
2:43 of 2nd period - Penalty to Brendon Nash for Fighting.
2:43 of 2nd period - Penalty to Zack Stortini for Fighting.
2:44 of 2nd period - Nicolas Deschamps wins face-off versus Bryan Lerg in Marlies zone.
3:08 of 2nd period - Snap shot by Jonathon Blum.
3:08 of 2nd period - Deflect By Martin Gernat.
3:08 of 2nd period - Goal by Jonathon Blum - Phantoms : 1 - Marlies : 1.
3:09 of 2nd period - Adam Lowry wins face-off versus Rich Clune in neutral zone.
3:42 of 2nd period - Wrist shot by Dmitrij Jaskin.
3:42 of 2nd period - Stopped by Scott Clemmensen with a rebound.
3:59 of 2nd period - Grant Clitsome is hit by George Parros and loses puck.
4:06 of 2nd period - Garrett Wilson is hit by George Parros and loses puck.
4:11 of 2nd period - Slapshot by George Parros.
4:11 of 2nd period - Stopped by Devan Dubnyk with a rebound.
4:13 of 2nd period - Slapshot by Andrew Yogan.
4:13 of 2nd period - Shot Misses the Net.
4:19 of 2nd period - Wrist shot by George Parros.
4:19 of 2nd period - Stopped by Devan Dubnyk with a rebound.
4:21 of 2nd period - Snap shot by Morgan Ellis.
4:21 of 2nd period - Deflect By Nicolas Deschamps.
4:21 of 2nd period - Stopped by Devan Dubnyk without a rebound.
4:22 of 2nd period - Farm Player24 wins face-off versus Mark Van Guilder in Phantoms zone.
4:27 of 2nd period - Slapshot by Matt Dumba.
4:27 of 2nd period - Stopped by Devan Dubnyk with a rebound.
4:29 of 2nd period - Slapshot by Morgan Ellis.
4:29 of 2nd period - Stopped by Devan Dubnyk with a rebound.
4:31 of 2nd period - Slapshot by Matt Dumba.
4:31 of 2nd period - Shot Misses the Net.
5:07 of 2nd period - Slapshot by Matt Dumba.
5:07 of 2nd period - Stopped by Devan Dubnyk without a rebound.
5:08 of 2nd period - Nicolas Deschamps wins face-off versus Bryan Lerg in Phantoms zone.
5:21 of 2nd period - Grant Clitsome is hit by George Parros and loses puck.
5:54 of 2nd period - Wrist shot by Harri Pesonen.
5:54 of 2nd period - Stopped by Scott Clemmensen with a rebound.
5:56 of 2nd period - Wrist shot by Adam Lowry.
5:56 of 2nd period - Shot Misses the Net.
6:37 of 2nd period - Slapshot by Greg Zanon.
6:37 of 2nd period - Stopped by Scott Clemmensen with a rebound.
6:39 of 2nd period - Wrist shot by Garnet Exelby.
6:39 of 2nd period - Shot Blocked by Joel Armia.
6:41 of 2nd period - Slapshot by Garnet Exelby.
6:41 of 2nd period - Shot Misses the Net.
6:43 of 2nd period - Wrist shot by Denver Manderson.
6:43 of 2nd period - Shot Misses the Net.
6:45 of 2nd period - Wrist shot by Mark Van Guilder.
6:45 of 2nd period - Stopped by Scott Clemmensen without a rebound.
6:46 of 2nd period - Nicolas Deschamps wins face-off versus Bryan Lerg in Marlies zone.
6:53 of 2nd period - Wrist shot by Matt Dumba.
6:53 of 2nd period - Shot Misses the Net.
6:55 of 2nd period - Backhand shot by Morgan Ellis.
6:55 of 2nd period - Stopped by Devan Dubnyk with a rebound.
6:57 of 2nd period - Wrist shot by Andrew Yogan.
6:57 of 2nd period - Stopped by Devan Dubnyk with a rebound.
6:59 of 2nd period - Slapshot by Morgan Ellis.
6:59 of 2nd period - Shot Misses the Net.
7:01 of 2nd period - Snap shot by George Parros.
7:01 of 2nd period - Stopped by Devan Dubnyk with a rebound.
7:54 of 2nd period - Snap shot by Joel Armia.
7:54 of 2nd period - Shot Misses the Net.
7:56 of 2nd period - Slapshot by Joel Armia.
7:56 of 2nd period - Stopped by Devan Dubnyk with a rebound.
8:02 of 2nd period - Slapshot by Brendon Nash.
8:02 of 2nd period - Deflect By Grant Clitsome.
8:02 of 2nd period - Stopped by Devan Dubnyk with a rebound.
13:42 of 2nd period - Drew Schiestel is hit by Zack Stortini and loses puck.
13:52 of 2nd period - Icing by Joel Armia.
13:53 of 2nd period - Bryan Lerg wins face-off versus Farm Player24 in Marlies zone.
14:10 of 2nd period - Wrist shot by Grant Clitsome.
14:10 of 2nd period - Shot Blocked by Andrew Yogan.
14:22 of 2nd period - Slapshot by Matt Dumba.
14:22 of 2nd period - Stopped by Devan Dubnyk with a rebound.
14:54 of 2nd period - Icing by Matt Dumba.
14:55 of 2nd period - Bryan Lerg wins face-off versus Nicolas Deschamps in Marlies zone.
15:00 of 2nd period - Wrist shot by Garrett Wilson.
15:00 of 2nd period - Shot Misses the Net.
15:02 of 2nd period - Wrist shot by Garrett Wilson.
15:02 of 2nd period - Shot Misses the Net.
15:04 of 2nd period - Wrist shot by Grant Clitsome.
15:04 of 2nd period - Deflect By Zack Stortini.
15:04 of 2nd period - Shot Blocked by Matt Dumba.
15:04 of 2nd period - Puck is out of play.
15:05 of 2nd period - Bryan Lerg wins face-off versus Farm Player29 in Marlies zone.
15:24 of 2nd period - Slapshot by Greg Zanon.
15:24 of 2nd period - Stopped by Scott Clemmensen with a rebound.
15:26 of 2nd period - Slapshot by Greg Zanon.
15:26 of 2nd period - Stopped by Scott Clemmensen without a rebound.
15:27 of 2nd period - Adam Lowry wins face-off versus Farm Player24 in Marlies zone.
16:25 of 2nd period - Wrist shot by Nicolas Deschamps.
16:25 of 2nd period - Stopped by Devan Dubnyk with a rebound.
16:27 of 2nd period - Slapshot by Brendon Nash.
16:27 of 2nd period - Stopped by Devan Dubnyk with a rebound.
16:29 of 2nd period - Snap shot by Andrew Yogan.
16:29 of 2nd period - Stopped by Devan Dubnyk without a rebound.
16:30 of 2nd period - Nicolas Deschamps wins face-off versus Bryan Lerg in Phantoms zone.
17:32 of 2nd period - Snap shot by Matt Dumba.
17:32 of 2nd period - Deflect By Grant Clitsome.
17:32 of 2nd period - Stopped by Devan Dubnyk with a rebound.
18:21 of 2nd period - Snap shot by Garrett Wilson.
18:21 of 2nd period - Stopped by Scott Clemmensen with a rebound.
18:33 of 2nd period - Bryan Lerg is hit by Drew Schiestel and loses puck.
19:05 of 2nd period - Snap shot by Josh Lunden.
19:05 of 2nd period - Stopped by Scott Clemmensen with a rebound.
19:07 of 2nd period - Wrist shot by Chris Langkow.
19:07 of 2nd period - Shot Blocked by Brendon Nash.
Goals for this period are 0 for Phantoms vs 1 for Marlies.
Shots for this period are 8 for Phantoms vs 17 for Marlies.

3rd period


0:01 of 3rd period - Adam Lowry wins face-off versus Shane Prince in neutral zone.
0:04 of 3rd period - Slapshot by Grant Clitsome.
0:04 of 3rd period - Stopped by Scott Clemmensen without a rebound.
0:05 of 3rd period - Adam Lowry wins face-off versus Colton Gillies in Marlies zone.
0:30 of 3rd period - Wrist shot by Rich Clune.
0:30 of 3rd period - Stopped by Devan Dubnyk without a rebound.
0:31 of 3rd period - Bryan Lerg wins face-off versus Nicolas Deschamps in Phantoms zone.
0:31 of 3rd period - Bryan Lerg is hit by George Parros.
0:47 of 3rd period - Wrist shot by Zack Stortini.
0:47 of 3rd period - Shot Misses the Net.
0:49 of 3rd period - Slapshot by Garnet Exelby.
0:49 of 3rd period - Deflect By Matt Dumba.
0:49 of 3rd period - Stopped by Scott Clemmensen with a rebound.
0:51 of 3rd period - Slapshot by Greg Zanon.
0:51 of 3rd period - Deflect By Matt Dumba.
0:51 of 3rd period - Stopped by Scott Clemmensen with a rebound.
0:53 of 3rd period - Snap shot by Garrett Wilson.
0:53 of 3rd period - Stopped by Scott Clemmensen without a rebound.
0:54 of 3rd period - Adam Lowry wins face-off versus Shane Prince in Marlies zone.
1:07 of 3rd period - Slapshot by Grant Clitsome.
1:07 of 3rd period - Shot Misses the Net.
1:11 of 3rd period - Snap shot by Dmitrij Jaskin.
1:11 of 3rd period - Shot Misses the Net.
1:16 of 3rd period - Slapshot by Grant Clitsome.
1:16 of 3rd period - Stopped by Scott Clemmensen with a rebound.
1:24 of 3rd period - Slapshot by Adam Lowry.
1:24 of 3rd period - Stopped by Scott Clemmensen without a rebound.
1:25 of 3rd period - Nicolas Deschamps wins face-off versus Bryan Lerg in Marlies zone.
1:25 of 3rd period - Nicolas Deschamps is hit by Zack Stortini.
1:32 of 3rd period - Off-side.
1:33 of 3rd period - Nicolas Deschamps wins face-off versus Bryan Lerg in neutral zone.
1:43 of 3rd period - George Parros beats up Zack Stortini.
1:43 of 3rd period - Penalty to George Parros for Fighting.
1:43 of 3rd period - Penalty to Zack Stortini for Fighting.
1:44 of 3rd period - Adam Lowry wins face-off versus Shane Prince in Phantoms zone.
2:24 of 3rd period - Icing by Colton Gillies.
2:25 of 3rd period - Bryan Lerg wins face-off versus Shane Prince in Marlies zone.
2:32 of 3rd period - Snap shot by Mark Van Guilder.
2:32 of 3rd period - Shot Misses the Net.
2:34 of 3rd period - Slapshot by Garnet Exelby.
2:34 of 3rd period - Shot Blocked by Jonathon Blum.
2:45 of 3rd period - Rich Clune beats up Garnet Exelby.
2:45 of 3rd period - Penalty to Rich Clune for Fighting.
2:45 of 3rd period - Penalty to Garnet Exelby for Fighting.
2:46 of 3rd period - Adam Lowry wins face-off versus Nicolas Deschamps in neutral zone.
3:33 of 3rd period - Adam Lowry is hit by Colton Gillies.
4:16 of 3rd period - Snap shot by Mark Van Guilder.
4:16 of 3rd period - Stopped by Scott Clemmensen with a rebound.
4:22 of 3rd period - Slapshot by Mark Van Guilder.
4:22 of 3rd period - Stopped by Scott Clemmensen with a rebound.
6:06 of 3rd period - Slapshot by Mark Van Guilder.
6:06 of 3rd period - Shot Hit the Post.
7:10 of 3rd period - Icing by Matt Dumba.
7:11 of 3rd period - Chris Langkow wins face-off versus Nicolas Deschamps in Marlies zone.
7:28 of 3rd period - Jerome Gauthier-Leduc is hit by Andrew Yogan and loses puck.
7:41 of 3rd period - Denver Manderson is hit by Jake Hansen and loses puck.
8:16 of 3rd period - Snap shot by Garrett Wilson.
8:16 of 3rd period - Shot Blocked by Drew Schiestel.
8:36 of 3rd period - Greg Zanon is hit by Andrew Yogan and loses puck.
8:56 of 3rd period - Josh Lunden is hit by Shane Prince and loses puck.
9:36 of 3rd period - Matt Dumba is hit by Jonathan Hazen.
9:42 of 3rd period - Snap shot by Jonathon Blum.
9:42 of 3rd period - Stopped by Devan Dubnyk with a rebound.
9:44 of 3rd period - Wrist shot by Jonathon Blum.
9:44 of 3rd period - Stopped by Devan Dubnyk without a rebound.
9:45 of 3rd period - Mark Van Guilder wins face-off versus Farm Player24 in Phantoms zone.
10:07 of 3rd period - Grant Clitsome is hit by Shane Prince and loses puck.
10:46 of 3rd period - Farm Player29 is hit by Denver Manderson and loses puck.
10:59 of 3rd period - Mark Van Guilder is hit by Farm Player29 and loses puck.
11:49 of 3rd period - Harri Pesonen is hit by George Parros and loses puck.
12:06 of 3rd period - Wrist shot by Colton Gillies.
12:06 of 3rd period - Shot Blocked by Jerome Gauthier-Leduc.
12:28 of 3rd period - Snap shot by Grant Clitsome.
12:28 of 3rd period - Shot Blocked by Matt Dumba.
12:58 of 3rd period - Snap shot by Garrett Wilson.
12:58 of 3rd period - Shot Misses the Net.
13:12 of 3rd period - Snap shot by Harri Pesonen.
13:12 of 3rd period - Shot Misses the Net.
13:22 of 3rd period - Snap shot by Martin Gernat.
13:22 of 3rd period - Shot Misses the Net.
13:46 of 3rd period - George Parros is hit by Zack Stortini and loses puck.
15:42 of 3rd period - Icing by Jonathan Hazen.
15:43 of 3rd period - Adam Lowry wins face-off versus Nicolas Deschamps in Phantoms zone.
15:48 of 3rd period - Brendon Nash is hit by Harri Pesonen and loses puck.
16:20 of 3rd period - Slapshot by Garnet Exelby.
16:20 of 3rd period - Stopped by Scott Clemmensen with a rebound.
17:09 of 3rd period - Snap shot by Grant Clitsome.
17:09 of 3rd period - Stopped by Scott Clemmensen without a rebound.
17:10 of 3rd period - Harri Pesonen wins face-off versus Colton Gillies in Marlies zone.
17:21 of 3rd period - Snap shot by Harri Pesonen.
17:21 of 3rd period - Shot Misses the Net.
17:33 of 3rd period - Slapshot by Mark Van Guilder.
17:33 of 3rd period - Stopped by Scott Clemmensen with a rebound.
17:35 of 3rd period - Snap shot by Denver Manderson.
17:35 of 3rd period - Shot Misses the Net.
17:37 of 3rd period - Slapshot by Grant Clitsome.
17:37 of 3rd period - Shot Blocked by Colton Gillies.
17:39 of 3rd period - Slapshot by Randy Jones.
17:39 of 3rd period - Deflect By Colton Gillies.
17:39 of 3rd period - Stopped by Scott Clemmensen with a rebound.
17:41 of 3rd period - Snap shot by Denver Manderson.
17:41 of 3rd period - Stopped by Scott Clemmensen with a rebound.
17:43 of 3rd period - Slapshot by Grant Clitsome.
17:43 of 3rd period - Shot Blocked by Colton Gillies.
18:04 of 3rd period - Morgan Ellis is hit by Bryan Lerg.
18:28 of 3rd period - Snap shot by Rich Clune.
18:28 of 3rd period - Stopped by Devan Dubnyk with a rebound.
19:27 of 3rd period - Icing by Drew Schiestel.
19:28 of 3rd period - Farm Player29 wins face-off versus Garrett Wilson in Marlies zone.
19:28 of 3rd period - Farm Player29 is hit by Zack Stortini.
19:59 of 3rd period - Off-side.
Goals for this period are 0 for Phantoms vs 0 for Marlies.
Shots for this period are 13 for Phantoms vs 4 for Marlies.

Overtime #1


0:01 of 1st overtime period - Colton Gillies wins face-off versus Dmitrij Jaskin in neutral zone.
0:06 of 1st overtime period - Icing by Randy Jones.
0:07 of 1st overtime period - Dmitrij Jaskin wins face-off versus Colton Gillies in Phantoms zone.
0:38 of 1st overtime period - Dmitrij Jaskin is hit by Jonathon Blum and loses puck.
1:44 of 1st overtime period - Off-side.
1:45 of 1st overtime period - Joel Armia wins face-off versus Mark Van Guilder in neutral zone.
1:52 of 1st overtime period - Snap shot by Joel Armia.
1:52 of 1st overtime period - Stopped by Devan Dubnyk with a rebound.
2:18 of 1st overtime period - Grant Clitsome is hit by Joel Armia and loses puck.
2:36 of 1st overtime period - Adam Lowry is hit by Jonathon Blum and loses puck.
2:57 of 1st overtime period - Slapshot by Matt Dumba.
2:57 of 1st overtime period - Shot Blocked by Grant Clitsome.
2:59 of 1st overtime period - Slapshot by Jake Hansen.
2:59 of 1st overtime period - Shot Misses the Net.
3:01 of 1st overtime period - Snap shot by Joel Armia.
3:01 of 1st overtime period - Shot Misses the Net.
3:03 of 1st overtime period - Slapshot by Matt Dumba.
3:03 of 1st overtime period - Stopped by Devan Dubnyk with a rebound.
3:39 of 1st overtime period - Grant Clitsome is hit by Morgan Ellis and loses puck.
4:09 of 1st overtime period - Snap shot by Shane Prince.
4:09 of 1st overtime period - Stopped by Devan Dubnyk with a rebound.
4:44 of 1st overtime period - Harri Pesonen is hit by George Parros and loses puck.
Goals for this period are 0 for Phantoms vs 0 for Marlies.
Shots for this period are 0 for Phantoms vs 3 for Marlies.

ShootOut


5:00 of 1st overtime period - Penalty Shot by Dmitrij Jaskin for Phantoms.
5:00 of 1st overtime period - Snap shot by Dmitrij Jaskin.
5:00 of 1st overtime period - Shot Misses the Net.
5:00 of 1st overtime period - Penalty Shot by Colton Gillies for Marlies.
5:00 of 1st overtime period - Deke by Colton Gillies.
5:00 of 1st overtime period - Shot Misses the Net.
5:00 of 1st overtime period - Penalty Shot by Adam Lowry for Phantoms.
5:00 of 1st overtime period - Deke by Adam Lowry.
5:00 of 1st overtime period - Stopped by Scott Clemmensen.
5:00 of 1st overtime period - Penalty Shot by Shane Prince for Marlies.
5:00 of 1st overtime period - Wrist shot by Shane Prince.
5:00 of 1st overtime period - Shot Misses the Net.
5:00 of 1st overtime period - Penalty Shot by Harri Pesonen for Phantoms.
5:00 of 1st overtime period - Wrist shot by Harri Pesonen.
5:00 of 1st overtime period - Stopped by Scott Clemmensen.
5:00 of 1st overtime period - Penalty Shot by Rich Clune for Marlies.
5:00 of 1st overtime period - Backhand shot by Rich Clune.
5:00 of 1st overtime period - Shot Hit the Post.
5:00 of 1st overtime period - Penalty Shot by Bryan Lerg for Phantoms.
5:00 of 1st overtime period - Snap shot by Bryan Lerg.
5:00 of 1st overtime period - Shot Misses the Net.
5:00 of 1st overtime period - Penalty Shot by George Parros for Marlies.
5:00 of 1st overtime period - Snap shot by George Parros.
5:00 of 1st overtime period - Goal by George Parros.


Output by the SimonT Hockey Simulator (STHS) for Eric Dolegowski -- Original Page W3C XHTML 1.0 Valid
Hockey Simulator - Hockey Simulation - Hockey Manager